 Dungeon Crawl Stone Soup version 0.32-a0-18-g89e19f1974 (webtiles) character file.

Game seed: 6759529493562149142

104 bobo the Digger (level 4, 0/29 HPs)
             Began as an Octopode Earth Elementalist on Jan 9, 2024.
             Slain by an orc wizard
             ... wielding a +0 dagger
              (2 damage)
             ... on level 4 of the Dungeon on Jan 16, 2024.
             The game lasted 00:06:43 (2674 turns).

bobo the Digger (Octopode Earth Elementalist)       Turns: 2674, Time: 00:06:44

Health: 0/29       AC:  1    Str:  9    XL:     4   Next: 80%
Magic:  3/8        EV: 13    Int: 17    God:
Gold:   122        SH:  0    Dex: 18    Spells: 2/8 levels left

rFire   + . .        i - +0 spear
rCold   . . .        (no shield)
rNeg    + . .        (helmet currently unavailable)
rPois   .            (no amulet)
rElec   .            n - ring of protection from fire
rCorr   .            o - ring of positive energy
SInv    .            r - +6 ring of dexterity
Will    .....        (no ring)
Stlth   +++          (no ring)
HPRegen 0.24/turn    (no ring)
MPRegen 0.11/turn    (no ring)
                     (no ring)

%: no passive effects
@: beast-form, very slightly contaminated
A: beast (slay +0), almost no armour, amphibious, 8 rings, camouflage 1,
gelatinous body 1, (nimble swimmer 1), tentacles
a: Begin Untransformation


You were on level 4 of the Dungeon.
You were a hulking beast.
You visited 1 branch of the dungeon, and saw 4 of its levels.

You collected 122 gold pieces.

Inventory:

Hand Weapons
 i - a +0 spear (weapon)
Jewellery
 n - a ring of protection from fire (left tentacle)
 o - a ring of positive energy (right tentacle)
 r - a +6 ring of dexterity (on tentacle)
Talismans
 p - a beast talisman (active)
Scrolls
 b - 2 scrolls of poison {unknown}
 c - 2 scrolls of identify {unknown}
 d - a scroll of immolation {unknown}
 e - a scroll of enchant weapon {unknown}
 f - 2 scrolls of teleportation {unknown}
 g - a scroll of vulnerability {unknown}
 h - a scroll of silence {unknown}
 l - a scroll of noise {unknown}
 m - 2 scrolls of amnesia {unknown}
 q - a scroll of blinking {unknown}
 t - a scroll of fear {unknown}
Potions
 a - 2 potions of magic
 j - a potion of attraction {unknown}
 k - a potion of mutation {unknown}
 s - a potion of resistance {unknown}


   Skills:
 + Level 2.1 Fighting
 - Level 2.0 Dodging
 - Level 2.6 Stealth
 + Level 0.6 Unarmed Combat
 + Level 2.8 Spellcasting
 + Level 1.7 Conjurations
 - Level 3.6 Earth Magic
 + Level 0.4 Shapeshifting


You had 2 spell levels left.
You knew the following spells:

 Your Spells              Type           Power      Damage    Failure   Level
a - Sandblast             Erth           28%        2d8       4%          1
b - Blink                 Tloc           4%         N/A       26%         2
s - Stone Arrow           Conj/Erth      22%        3d8       19%         3

Your spell library contained the following spells:

 Spells                   Type           Power      Damage    Failure   Level
 Magic Dart               Conj           32%        1d4       9%          1
 Call Imp                 Summ           4%         N/A       26%         2
 Sublimation of Blood     Necr           2%         N/A       26%         2
 Passwall                 Erth           14%        N/A       12%         3
 Brom's Barrelling Bould  Conj/Erth      11%        2d3       52%         4
 Petrify                  Alch/Erth      8%         N/A       63%         4
 Summon Hydra             Summ           1%         N/A       100%        7


Dungeon Overview and Level Annotations

Branches:
Dungeon (4/15)
 Temple: D:4-7

Altars:
Okawaru

Shops:
D:1 !

Annotations:
D:3 3 runed translucent doors, OldManVictorn's ghost, amateur GnWn; gebbletook2's ghost, amateur OpSh; zenocrate's ghost, amateur VSEn


Innate Abilities, Weirdness & Mutations

You are a hulking beast.
Your limbs bulge with bestial killing power. (Slay +0)
You cannot wear most types of armour.
You are amphibious.
You can wear up to eight rings at the same time.
Your skin changes colour to match your surroundings (Stealth+).
Your rubbery body absorbs attacks. (AC +1, EV +1)
((You are camouflaged when in or above water. (Stealth+)))
You have tentacles for arms and can constrict up to eight enemies at once.


Message History

Aim: an orc wizard, wielding a +0 dagger and wearing a +0 robe (77% to hit)
The blast of sand misses the orc wizard.
An orc comes into view. It is wielding a +0 whip.
The orc wizard points at you and mumbles some strange words.
The magic dart hits you.
The orc moves out of view.
The orc wizard mumbles some strange words.
The orc wizard flickers and vanishes!
Deactivating autopickup; reactivate with Ctrl-A.
You hear a shout!
Your magical contamination has completely faded away.
The ball python attacks as it pursues you!
The ball python misses you. The ball python closely misses you.
A magic dart appears from out of thin air!
The magic dart hits you!
You hit the ball python but do no damage.
You grab the ball python. You constrict the ball python.
The ball python closely misses you. The ball python completely misses you.
The ball python bites you but does no damage.
The ball python misses you.
You hit the ball python.
You kill the ball python!
A magic dart appears from out of thin air!
The magic dart hits you! Something hits you.
* * * LOW HITPOINT WARNING * * *
You barely miss something. Your squeeze misses something.
Something hits you but does no damage.
Okay, then.
Unknown command.
Casting: Sandblast (safe; 4% risk of failure)
Confirm with . or Enter, or press ? or * to list all spells.
Aiming: Stone Arrow (quite dangerous; 19% risk of failure)
Press: ? - help, Shift-Dir - straight line, f - orc
Aim: an orc, wielding a +0 whip and wearing a +0 leather armour (68% to hit)
You miscast Stone Arrow.
You are very lightly contaminated with residual magic.
The air around you crackles with energy!
* * * LOW HITPOINT WARNING * * *
Something hits you.
You die...

....# ..)# #..#
..## ##)$# #...#
###...###..
#####o.........
####...h{.###....#
##.....##### #...#
##..##### ....#
#..## ...# ##.##
.... #..# #..#
##.## #######
#..## ###>....####


You could see an orc.

Vanquished Creatures
  A jelly (D:4)
  2 adders
  A dart slug (D:1)
  2 ribbon worms (D:2)
  An orc (D:4)
  5 bats
  2 endoplasms
  4 giant cockroaches
  10 goblins
  4 hobgoblins
  2 kobolds
  2 quokkas (D:2)
  A ball python (D:4)
  3 frilled lizards (D:2)
  3 rats
43 creatures vanquished.

Notes
Turn   | Place    | Note
-------+----------+-------------------------------------------
     0 | D:1      | bobo the Octopode Earth Elementalist began the quest for
                  | the Orb.
     0 | D:1      | Reached XP level 1. HP: 11/11 MP: 3/3
   240 | D:1      | Found Zott's Distillery.
   449 | D:1      | Reached XP level 2. HP: 18/18 MP: 0/5
   717 | D:2      | Reached skill level 1 in Fighting
   905 | D:2      | Upgraded the game from 0.31-a0-1611-g890cdf5628 to
                  | 0.32-a0-18-g89e19f1974
  1006 | D:2      | Reached XP level 3. HP: 23/23 MP: 6/6
  1158 | D:2      | Learned a level 3 spell: Stone Arrow
  1538 | D:2      | Learned a level 2 spell: Blink
  1795 | D:3      | Found a runed translucent gate.
  1796 | D:3      | Found a runed translucent gate.
  1797 | D:3      | Found a runed translucent gate.
  1801 | D:3      | Noticed gebbletook2's ghost (amateur OpSh)
  1801 | D:3      | Noticed zenocrate's ghost (amateur VSEn)
  1802 | D:3      | Noticed OldManVictorn's ghost (amateur GnWn)
  1858 | D:3      | Found an iron altar of Okawaru.
  1884 | D:3      | Reached XP level 4. HP: 29/29 MP: 4/8
  2674 | D:4      | HP: 1/29 [something (7)]
  2674 | D:4      | Slain by an orc wizard

Illustrated notes

Levels and vault maps discovered:
D:1:      dpeg_arrival_three_bigger_balls, layout_loops_ring, serial_shops,
          nicolae_shop_tiny_glass
D:2:      layout_basic
D:3:      layout_basic, mainiacjoe_overflow_brackets, gammafunk_ghost_cemetery
D:4:      layout_layer_cave, jmf_multi_god_temple2

Skill      XL: |  1  2  3  4 |
---------------+-------------+-----
Fighting       | 1 2 |  2.1
Dodging        | |  2.0
Stealth        | |  2.6
Unarmed Combat | |  0.6
Spellcasting   | |  2.8
Conjurations   | |  1.7
Earth Magic    | |  3.6
Shapeshifting  | |  0.4

Action                     |  1- 3 |  4- 6 || total
---------------------------+-------+-------++-------
  Melee: Unarmed           |    10 |       ||    10
         Tentacles         |     7 |       ||     7
         Constrict         |     9 |     1 ||    10
         Spear             |    20 |     3 ||    23
   Cast: Sandblast         |    40 |    13 ||    53
   Stab: Sleeping          |     3 |       ||     3
 Armour: Skin              |    10 |     7 ||    17
  Dodge: Dodged            |    18 |     5 ||    23
   Form: Beast             |       |     1 ||     1

Table legend: (Time is in decaauts)
 A = Elapsed time spent in this place.
 B = Non-inter-level travel time spent in this place.
 C = Inter-level travel time spent in this place.
 D = Time resting spent in this place.
 E = Time spent auto-exploring this place.
 F = Levels seen in this place.
 G = Mean time per level.
                   A        B        C        D        E       F      G
               +--------+--------+--------+--------+--------+-----+--------+
         Total |   2699 |   2615 |     84 |      0 |   2322 |   4 |  674.8 |
       Dungeon |   2699 |   2615 |     84 |      0 |   2322 |   4 |  674.8 |
               +--------+--------+--------+--------+--------+-----+--------+

Top non-repeatable levels by time:
     D:2: 1157 daAuts
     D:3: 669 daAuts
     D:1: 649 daAuts
     D:4: 224 daAuts
